 Dungeon Crawl Stone Soup version 0.28-a0-1130-gc51a68064b (webtiles) character file.

Game seed: 11517793745611498120

66 croobank the Sneak (level 3, -2/17 HPs)
             Began as a Felid Delver on Dec 12, 2021.
             Was a Follower of Vehumet.
             Slain by a worm (10 damage)
             ... on level 1 of the Dungeon.
             The game lasted 00:14:02 (2896 turns).

croobank the Sneak (Felid Delver)                   Turns: 2896, Time: 00:14:03

Health: -2/17      AC:  1    Str: 16    XL:     3   Next: 96%
Magic:  3/4        EV: 18    Int: 11    God:    Vehumet [*.....]
Gold:   128        SH:  0    Dex: 17    Spells: 0/2 levels left
                                        Lives:  0   Deaths: 0

rFire   . . .      SeeInvis +     - Unarmed
rCold   . . .      Faith    .   (shield unavailable)
rNeg    . . .      Spirit   .   (armour unavailable)
rPois   .          Reflect  .   (helmet unavailable)
rElec   .          Harm     .   (cloak unavailable)
rCorr   .          Rampage  .   (gloves unavailable)
Will    .....                   (boots unavailable)
Stlth   ++++......              (no amulet)
HPRegen 0.05/turn               b - +6 ring of strength
MPRegen 0.09/turn               (no ring)

@: very slightly contaminated, quick
A: very small, claws 1, fangs 3, see invisible, speed 1, shaggy fur 1, stealthy
paws, no weapons or thrown items, no armour, multi-lived
a: Renounce Religion


You were on level 1 of the Dungeon.
You worshipped Vehumet.
Vehumet was aware of your devotion.
You visited 2 branches of the dungeon, and saw 6 of its levels.

You collected 128 gold pieces.

Inventory:

Missiles
 d - 27 stones
Jewellery
 b - a +6 ring of strength (left paw)
Wands
 e - a wand of digging (3)
Scrolls
 a - a scroll of fog
 c - 3 scrolls of brand weapon


   Skills:
 + Level 3.5 Fighting
 + Level 3.7 Dodging
 + Level 7.1 Stealth
 + Level 2.6 Unarmed Combat


You couldn't memorise any spells.
You knew the following spells:

 Your Spells              Type           Power      Damage    Failure   Level
a - Slow                  Hex            0%         N/A       34%         1
b - Magic Dart            Conj           0%         1d3       34%         1

Your spell library contained the following spells:

 Spells                   Type           Power      Damage    Failure   Level
 Confusing Touch          Hex            0%         N/A       71%         3
 Vampiric Draining        Necr           0%         2d6       71%         3


Dungeon Overview and Level Annotations

Branches:
Dungeon (5/15)             Temple (1/1) D:5

Altars:
Ashenzari
Dithmenos
Elyvilon
Fedhas
Gozag
Hepliaklqana
Kikubaaqudgha
Makhleb
Nemelex Xobeh
Qazlal
Ru
Trog
Uskayaw
Vehumet
Yredelemnul
Zin

Annotations:
D:2 Robin


Innate Abilities, Weirdness & Mutations

You have sharp claws.
You have razor-sharp teeth.
You have supernaturally acute eyesight. (SInv)
You cover ground quickly. (Speed+)
You are covered in fur. (AC +1)
Your paws help you pounce on unaware monsters.
You are incapable of wielding weapons or throwing items.
You cannot wear armour.
You gain extra lives every three experience levels.


Message History

Items here: ))) ÷ ††.
There is a stone staircase leading down, spattered with blood here.
You climb downwards.
Level annotation: Robin Robin roars a battlecry!
The goblins go into a battle-frenzy!
The ball python skeleton closely misses you.
The ball python skeleton grabs you.
The ball python skeleton constricts you.
The goblin hits you with a +0 dagger. The adder zombie closely misses you.
The ball python skeleton loses its grip on you.
There is a stone staircase leading up here.
The adder zombie bites you but does no damage.
You climb upwards.
There is a stone staircase leading down, spattered with blood here.
You closely miss the goblin. The goblin barely misses you.
You closely miss the goblin. The goblin completely misses you.
Casting: Slow (safe; 34% risk of failure)
Confirm with . or Enter, or press ? or * to list all spells.
Aiming: Slow (safe; 34% risk of failure)
Press: ? - help, Shift-Dir - straight line, f - goblin
Aim: a goblin, wielding a +0 dagger (strong, chance to affect: 50%)
You miscast Slow.
You are very lightly contaminated with residual magic.
Nothing appears to happen.
The goblin closely misses you.
You claw the goblin!
You kill the goblin!
Vehumet accepts your kill.
You scratch the worm but do no damage. You bite the worm.
The worm is lightly wounded.
You scratch the worm but do no damage.
The worm is lightly wounded.
The worm bites you.
You scratch the worm.
The worm is moderately wounded.
You scratch the worm.
The worm is moderately wounded.
The worm bites you!
Ouch! That really hurt!
You die...

##########
.........#
.........#
.........#########
.........+.....w@#
.........#####.###
#####.#### #.# #.#
#.# #.########.#
#####..........#
...##.##########
...##..†.....#####
#..##.#####†.....#


You could see a worm.

Vanquished Creatures
  An adder skeleton (D:2)
  2 dart slugs (D:1)
  A bat skeleton (D:2)
  5 endoplasms
  2 giant cockroaches
  8 goblins (D:1)
  9 hobgoblins
  2 jackals
  3 quokkas
  3 ball pythons (D:1)
  A ball python skeleton (D:2)
  A bat (D:1)
  5 frilled lizards
  6 kobolds
  3 rats
52 creatures vanquished.

Vanquished Creatures (others)
  4 withered plants (D:2)
4 creatures vanquished.

Grand Total: 56 creatures vanquished

Notes
Turn   | Place    | Note
-------+----------+-------------------------------------------
     0 | D:5      | croobank the Felid Delver began the quest for the Orb.
     0 | D:5      | Reached XP level 1. HP: 10/10 MP: 2/2
     8 | D:5      | Noticed an orc priest
    60 | D:5      | Noticed a scorpion
    61 | D:5      | Noticed a jelly
    74 | D:4      | You fall into a shaft and drop 1 floor!
    74 | D:5      | Found a staircase to the Ecumenical Temple.
    78 | Temple   | Entered the Ecumenical Temple
   183 | Temple   | Became a worshipper of Vehumet
   260 | D:5      | Noticed an orc wizard
   270 | D:5      | Noticed a jelly
   566 | D:2      | Noticed Robin
   838 | D:1      | Reached XP level 2. HP: 7/14 MP: 3/3
  1403 | D:1      | Found a faded altar of an unknown god.
  1629 | D:1      | Learned a level 1 spell: Slow
  1813 | D:1      | Reached XP level 3. HP: 17/17 MP: 2/4
  1944 | D:1      | Reached skill level 7 in Stealth
  2078 | D:2      | Reached * piety under Vehumet
  2078 | D:2      | Offered knowledge of Magic Dart by Vehumet.
  2140 | D:2      | Learned a level 1 spell: Magic Dart
  2896 | D:1      | Slain by a worm

Illustrated notes

Levels and vault maps discovered:
D:1:      lemuel_arrival_room, layout_basic, dreamdust_ecumenical_altar_grove
D:2:      layout_basic, serial_undead, serial_undead_b, serial_undead_d,
          serial_undead_c, serial_undead_f, serial_undead_f, serial_undead_d,
          uniq_robin
D:3:      layout_loops_ring, xom_butterflies, mainiacjoe_overflow_boulevard,
          gup_sewer_entry_glass, chequers_serial_rivers_large_a
D:4:      layout_basic
D:5:      layout_cave_pods, minmay_temple_entry_ruins, uniq_sigmund,
          uniq_duvessa
Temple:   minmay_temple_bridge_d

Skill      XL: |  1  2  3 |
---------------+----------+-----
Dodging        | 3 |  3.7
Stealth        | 7 |  7.1
Fighting       | |  3.5
Unarmed Combat | |  2.6

Action                   || total
-------------------------++-------
Melee: Unarmed           ||   138
       Bite              ||    14
       Punch             ||     1
 Cast: Slow              ||     3
       Magic Dart        ||     7
  Use: Scroll            ||     6
       Potion            ||     1
 Stab: Sleeping          ||    11
Armor: Skin              ||     5
Dodge: Dodged            ||   128

Table legend: (Time is in decaauts)
 A = Elapsed time spent in this place.
 B = Non-inter-level travel time spent in this place.
 C = Inter-level travel time spent in this place.
 D = Time resting spent in this place.
 E = Time spent auto-exploring this place.
 F = Levels seen in this place.
 G = Mean time per level.
                   A        B        C        D        E       F      G
               +--------+--------+--------+--------+--------+-----+--------+
         Total |   2667 |   2573 |     94 |   1449 |    573 |   6 |  444.5 |
       Dungeon |   2525 |   2488 |     37 |   1449 |    525 |   5 |  505.0 |
        Temple |    142 |     85 |     57 |      0 |     48 |   1 |  142.0 |
               +--------+--------+--------+--------+--------+-----+--------+

Top non-repeatable levels by time:
     D:1: 1716 daAuts
     D:2: 480 daAuts
     D:3: 233 daAuts
  Temple: 142 daAuts
     D:5: 85 daAuts
     D:4: 8 daAuts
